 Dungeon Crawl Stone Soup version 0.23.2-1-ga50397a (webtiles) character file.

Game seed: 10648050692661085351

10514 Fang the Fighter (level 11, -7/73 HPs)
             Began as a Gargoyle Berserker on May 28, 2019.
             Was a High Priest of Trog.
             Mangled by a two-headed ogre
             ... wielding a +0 giant club
              (18 damage)
             ... on level 11 of the Dungeon on May 29, 2019.
             The game lasted 00:15:27 (11481 turns).

Fang the Fighter (Gargoyle Berserker)              Turns: 11481, Time: 00:15:28

Health: -7/73      AC: 28    Str: 22    XL:     11   Next: 63%
Magic:  11/11      EV: 10    Int:  7    God:    Trog [*****.]
Gold:   605        SH:  0    Dex:  9    Spells: 10/10 levels left

rFire    . . .     SeeInvis +   l - +3 battleaxe "Fimofuv" {chop, rPois rN++ Str-3 Stlth+} (curse)
rCold    . . .     Gourm    .   (shield currently unavailable)
rNeg     + + +     Faith    .   b - +0 plate armour
rPois    ∞         Spirit   .   (no helmet)
rElec    +         Reflect  .   i - +2 cloak {rPois}
rCorr    .         Harm     .   (no gloves)
MR       .....                  r - +1 pair of boots {Stlth+}
Stlth    ..........             (no amulet)
HPRegen  0.22/turn              s - ring of see invisible
MPRegen  0.12/turn              D - ring of stealth

@: berserk cooldown, slowed, very slow
A: negative energy resistance 1, electricity resistance, unbreathing,
petrification resistance, rot immunity, AC +8
a: Berserk, Trog's Hand, Brothers in Arms, Renounce Religion


You were on level 11 of the Dungeon.
You worshipped Trog.
Trog was extremely pleased with you.
You were very hungry.

You visited 2 branches of the dungeon, and saw 12 of its levels.

You collected 605 gold pieces.

Inventory:

Hand Weapons
 a - a +0 war axe
 l - the cursed +3 battleaxe "Fimofuv" (weapon) {chop, rPois rN++ Str-3 Stlth+}
   (You found it on level 7 of the Dungeon)

   It inflicts extra damage upon your enemies.
   It affects your strength (-3).
   It protects you from poison.
   It greatly protects you from negative energy.
   It makes you more stealthy.
   It has a curse placed upon it.
Armour
 b - a +0 plate armour (worn)
 i - a +2 cloak of poison resistance (worn)
 r - a +1 pair of boots of stealth (worn)
Jewellery
 s - a ring of see invisible (left hand)
 v - an uncursed ring of resist corrosion
 A - a +4 ring of intelligence
 D - a ring of stealth (right hand)
Wands
 h - a wand of random effects (25)
 p - a wand of paralysis (6)
 q - a wand of polymorph (20)
 t - a wand of acid (16)
 x - a wand of iceblast (17)
 y - a wand of flame (13)
Scrolls
 d - a scroll of fog
 f - 4 scrolls of identify
 g - 5 scrolls of remove curse
 n - 3 scrolls of magic mapping
 o - 3 scrolls of teleportation
Potions
 e - 2 potions of curing
 j - a potion of resistance
 k - a potion of cancellation
 m - a potion of haste
 u - 3 potions of heal wounds
 w - 2 potions of flight
 z - a potion of mutation
 B - a potion of berserk rage {unknown}
Comestibles
 c - 19 rations
 C - 2 chunks of flesh


   Skills:
 + Level 10.4 Fighting
 + Level 8.8 Axes
 + Level 10.1 Armour
 + Level 7.8 Dodging


You had 10 spell levels left.
You didn't know any spells.
Your spell library was empty.

Dungeon Overview and Level Annotations

Branches:
Dungeon (11/15)            Temple (1/1) D:7
   Lair: D:8-11         Orc: D:9-12

Altars:
Cheibriados
Dithmenos
Elyvilon
Hepliaklqana
Kikubaaqudgha
Qazlal
Ru
Vehumet
Xom
The Shining One

Shops:
D:4 %   D:9 [

Annotations:
D:6 1 runed translucent door, Morgon's ghost, novice FoTm
D:8 1 runed translucent door, Hudan's ghost, journeyman MiFi


Innate Abilities, Weirdness & Mutations

You are resistant to torment.
Your stone body is resilient. (AC +8)
You are immune to poison.
You resist negative energy. (rN+)
You are resistant to electric shocks. (rElec)
You can survive without breathing.
You are immune to petrification.
You are immune to rotting.


Message History

You slash the yak!
The yak is severely wounded.
The yak gores you but does no damage. x2
You hit the yak.
The yak is severely wounded.
The yak gores you but does no damage. The yak gores you.
* * * LOW HITPOINT WARNING * * *
You slice the yak!!
You kill the yak!
Trog accepts your kill.
A two-headed ogre comes into view. It is wielding two +0 giant clubs.
The two-headed ogre shouts in stereo!
Your plate armour prevents you from hitting the two-headed ogre.
The two-headed ogre hits you but does no damage.
The two-headed ogre hits you with a +0 giant club!
* * * LOW HITPOINT WARNING * * *
Your iron troll goes berserk!
You are feeling very hungry.
The two-headed ogre hits you with a +0 giant club!!
You die...

≈≈.≈≈P..# #.
P...#... .. .
#.....# .#
..#.....# .#
........# .# .
###....##†#
..#...T.%†..# .
#.......O...#.##
#.......@...#..#.
##...........#...
#........÷......#
#......<..........
##.#........#.....
####..).)..#.....
#.............
##...#........
###..........


You could see a two-headed ogre and a friendly iron troll (berserk).

Vanquished Creatures
  Gastronok (D:8)
  A hydra (D:11)
  A two-headed ogre (D:8)
  Pikel (D:6)
  2 centaur skeletons
  A hornet (D:10)
  Prince Ribbit (D:8)
  A hippogriff (shapeshifter) (D:11)
  A hippogriff (D:11)
  2 yaks
  3 hogs (D:7)
  A human (D:7)
  A steam dragon (D:7)
  Menkaure (D:7)
  Duvessa (D:7)
  2 orc warriors (D:6)
  3 ice beasts
  3 sky beasts
  A black bear (D:8)
  A hornet zombie (D:10)
  4 slaves (D:6)
  4 phantoms
  3 ogres
  3 centaurs
  A big kobold (D:7)
  A gnoll sergeant (D:6)
  6 bullfrogs
  Dowan (D:7)
  5 scorpions
  13 killer bees
  3 wights (D:8)
  3 howler monkeys (D:9)
  7 crimson imps
  3 bullfrog zombies
  A centaur zombie (D:9)
  2 hounds
  6 orc priests
  Crazy Yiuf (D:7)
  2 bullfrog skeletons
  A gnoll shaman (D:9)
  7 orc wizards
  Ijyb (D:3)
  3 iguanas
  3 worker ants (D:4)
  A hound zombie (D:7)
  A hound skeleton (D:6)
  A worker ant zombie (D:7)
  22 gnolls
  A howler monkey skeleton (D:7)
  15 adders
  2 shadow imps
  3 oozes
  An adder skeleton (D:6)
  An adder zombie (D:6)
  3 worms
  2 dart slugs
  4 leopard geckos
  37 orcs
  6 giant cockroaches
  7 goblins
  6 hobgoblins
  14 jackals
  2 quokkas
  3 ball pythons
  11 bats
  4 frilled lizards
  A jackal zombie (D:5)
  20 kobolds
  14 rats
295 creatures vanquished.

Vanquished Creatures (others)
  2 withered plants (D:6)
2 creatures vanquished.

Grand Total: 297 creatures vanquished

Notes
Turn   | Place    | Note
-------+----------+-------------------------------------------
     0 | D:1      | Fang the Gargoyle Berserker began the quest for the Orb.
     0 | D:1      | Reached XP level 1. HP: 14/14 MP: 1/1
    72 | D:1      | Reached XP level 2. HP: 7/19 MP: 2/2
   762 | D:1      | Reached ** piety under Trog
   762 | D:1      | Reached XP level 3. HP: 18/23 MP: 3/3
  1300 | D:2      | Reached XP level 4. HP: 25/29 MP: 4/4
  1516 | D:2      | Found a snail-covered altar of Cheibriados.
  1540 | D:2      | Found an ancient bone altar of Kikubaaqudgha.
  1956 | D:2      | Noticed an ice beast
  1974 | D:2      | Killed an ice beast
  1974 | D:2      | Reached XP level 5. HP: 14/34 MP: 5/5
  2676 | D:3      | Reached *** piety under Trog
  2705 | D:3      | Reached XP level 6. HP: 32/39 MP: 6/6
  2905 | D:3      | Found a sacrificial altar of Ru.
  2912 | D:3      | Noticed Ijyb
  2918 | D:3      | Paralysed by Ijyb for 4 turns
  2928 | D:3      | Killed Ijyb
  3092 | D:3      | Found a stormy altar of Qazlal.
  3275 | D:3      | Found a shadowy altar of Dithmenos.
  3541 | D:4      | Reached skill level 5 in Fighting
  3541 | D:4      | Reached XP level 7. HP: 44/44 MP: 7/7
  3900 | D:4      | Found Dotzeat's Food Emporium.
  4841 | D:5      | Entered Level 5 of the Dungeon
  4927 | D:5      | Reached skill level 5 in Armour
  4956 | D:5      | Reached **** piety under Trog
  5247 | D:5      | Found an ancient bone altar of Kikubaaqudgha.
  5253 | D:5      | Found a glowing golden altar of the Shining One.
  5318 | D:5      | Reached XP level 8. HP: 45/51 MP: 8/8
  5325 | D:5      | Found a white marble altar of Elyvilon.
  5445 | D:5      | Reached skill level 5 in Axes
  6362 | D:6      | Found a runed translucent door.
  6362 | D:6      | Noticed Morgon's ghost (novice FoTm)
  6378 | D:6      | Found a radiant altar of Vehumet.
  6672 | D:6      | Noticed Pikel
  6692 | D:6      | Killed Pikel
  6692 | D:6      | Reached skill level 5 in Dodging
  6692 | D:6      | Reached XP level 9. HP: 45/57 MP: 9/9
  7275 | D:6      | Reached ***** piety under Trog
  7793 | D:7      | Noticed Duvessa
  7793 | D:7      | Noticed Dowan
  7798 | D:7      | Killed Duvessa
  7822 | D:7      | Killed Dowan
  8148 | D:7      | Received a gift from Trog
  8289 | D:7      | Reached XP level 10. HP: 24/64 MP: 10/10
  8544 | D:7      | Found a staircase to the Ecumenical Temple.
  8620 | Temple   | Entered the Ecumenical Temple
  8734 | D:7      | Noticed Menkaure
  8744 | D:7      | Killed Menkaure
  8782 | D:7      | Got a jewelled battleaxe
  8783 | D:7      | Identified the cursed +3 battleaxe "Fimofuv" {chop, rPois
                  | rN++ Str-3 Stlth+} (You found it on level 7 of the Dungeon)
  8944 | D:7      | Found a runed translucent door.
  8945 | D:7      | Noticed Crazy Yiuf
  9111 | D:7      | Killed Crazy Yiuf
  9149 | D:8      | Noticed Prince Ribbit
  9161 | D:8      | Killed Prince Ribbit
  9525 | D:8      | Noticed a two-headed ogre
  9535 | D:8      | Killed a two-headed ogre
  9850 | D:8      | Noticed Gastronok
  9872 | D:8      | Killed Gastronok
  9872 | D:8      | Received a gift from Trog
  9872 | D:8      | Reached XP level 11. HP: 50/72 MP: 11/11
 10035 | D:8      | Found a runed translucent door.
 10036 | D:8      | Noticed Hudan's ghost (journeyman MiFi)
 10161 | D:9      | Found Zufayri's Armour Shop.
 10430 | D:9      | Found a hazy altar of Hepliaklqana.
 10582 | D:9      | Reached skill level 10 in Fighting
 10788 | D:10     | Entered Level 10 of the Dungeon
 11439 | D:11     | Noticed a six-headed hydra
 11448 | D:11     | Killed an 11-headed hydra
 11448 | D:11     | Reached skill level 10 in Armour
 11477 | D:11     | Noticed a two-headed ogre
 11481 | D:11     | Mangled by a two-headed ogre

Skill      XL: |  1  2  3  4  5  6  7  8  9 10 11 |
---------------+----------------------------------+-----
Axes           | 3 4 5 6 8 |  8.8
Dodging        | 2 3 5 6 7 |  7.8
Armour         | 3 4 5 6 7 9 10 | 10.1
Fighting       | 4 5 7 8 9 10 | 10.4

Action                   |  1- 3 |  4- 6 |  7- 9 | 10-12 || total
-------------------------+-------+-------+-------+-------++-------
Melee: Hand axe          |   105 |   249 |   168 |       ||   522
       War axe           |       |       |   341 |    85 ||   426
       Battleaxe         |       |       |       |   262 ||   262
Invok: Berserk           |     1 |     4 |     6 |     4 ||    15
       Trog's Hand       |       |       |       |     1 ||     1
       Brothers in Arms  |       |       |       |     1 ||     1
  Use: Scroll            |       |       |    15 |     5 ||    20
 Stab: Sleeping          |     2 |       |       |       ||     2
  Eat: Chunk             |     2 |    11 |    13 |    12 ||    38
       Ration            |       |       |     2 |     1 ||     3
Armor: Animal skin       |    42 |   129 |    22 |       ||   193
       Chain mail        |       |       |   199 |       ||   199
       Plate armour      |       |       |   249 |   360 ||   609
Dodge: Dodged            |    60 |   238 |   393 |   249 ||   940
